 Dungeon Crawl Stone Soup version 0.17.2-1-ge4368a0 (webtiles) character file.

91 ololoev the Chopper (level 4, -1/52 HPs)
             Began as a Demonspawn Berserker on July 26, 2016.
             Was a Follower of Trog.
             Slain by Menkaure (5 damage)
             ... on level 5 of the Dungeon.
             The game lasted 00:02:01 (306 turns).

ololoev the Chopper (Demonspawn Berserker)           Turns: 306, Time: 00:02:01

Health: -1/52      AC:  4    Str: 26    XL:     4   Next: 34%
Magic:  4/4        EV: 12    Int:  8    God:    Trog [*.....]
Gold:   32         SH:  0    Dex: 13    Spells: 0 memorised, 3 levels left

rFire  . . .     SeeInvis .     a - +1 hand axe
rCold  . . .     Clarity  .     d - +1 leather armour
rNeg   . . .     SustAt   .     (no shield)
rPois  .         Gourm    .     (helmet restricted)
rElec  .         Spirit   .     (no cloak)
rCorr  .         Warding  .     (no gloves)
rMut   .         Stasis   .     (no boots)
MR     ++...                    (no amulet)
Stlth  ..........               (no ring)
                                e - +3 ring of strength

@: berserking, regenerating, very quick, very resistant to hostile enchantments,
extremely unstealthy
A: antennae 1
a: Berserk, Burn Spellbooks, Renounce Religion


Innate Abilities, Weirdness & Mutations

You have a pair of small antennae on your head.

Inventory:

Hand Weapons
 a - a +1 hand axe (weapon)
Armour
 d - a +1 leather armour (worn)
Jewellery
 e - a +3 ring of strength (left hand)
Wands
 n - a wand of hasting (2)
Potions
 b - 2 potions of heal wounds {unknown}
 g - 2 potions of might {unknown}
 k - a potion of haste {unknown}
Comestibles
 c - a bread ration
 f - 7 chunks of flesh


   Skills:
 - Level 3.0 Fighting
 * Level 4.1 Axes
 + Level 2.8 Armour
 - Level 1.7 Dodging


You had 3 spell levels left.
You didn't know any spells.


You were on level 5 of the Dungeon.
You worshipped Trog.
Trog was aware of your devotion.
You were hungry.

You visited 1 branch of the dungeon, and saw 5 of its levels.

You collected 32 gold pieces.

#.###.#.# # .....#.#
#...#####.. #.##......#
#...≈≈§..$.$
#.........####..≈§§≈≈....
#........##...§≈≈§≈§§...
#....<...##...§§≈>≈§≈...
#........##...§≈≈§§≈§.#
#.....#........≈M§≈≈.###
#.....#........@≈≈§.....
#.....#........#........
#.....#........#........
#######........#........
#.................
#.................
#...........######
###.........# #.........#

Notes
Turn   | Place    | Note
--------------------------------------------------------------
     0 | D:1      | ololoev the Demonspawn Berserker began the quest for the Orb.
     0 | D:1      | Reached XP level 1. HP: 18/18 MP: 1/1
    55 | D:2      | Gained mutation: You have a pair of small antennae on your head. [demonic ancestry]
    55 | D:2      | Reached XP level 2. HP: 16/24 MP: 2/2
   212 | D:4      | Reached XP level 3. HP: 27/29 MP: 3/3
   220 | D:4      | Reached ** piety under Trog
   220 | D:4      | Reached skill level 4 in Axes
   220 | D:4      | Reached XP level 4. HP: 24/35 MP: 4/4
   284 | D:5      | Entered Level 5 of the Dungeon
   289 | D:5      | Found a staircase to the Ecumenical Temple.
   295 | D:5      | Noticed Menkaure
   306 | D:5      | Slain by Menkaure

Dungeon Overview and Level Annotations

Branches:
Dungeon (5/15)             Temple (0/1) D:5

Altars:

Annotations:
D:5 Menkaure


Message History

As you read the scroll labeled DADDIOGESA, it crumbles to dust.
You feel forgetful for a moment.
It was a scroll of amnesia.
An orc comes into view.
The orc shouts!
The orc hits you but does no damage.
You hit the orc.
The orc is severely wounded.
The orc hits you.
You hit the orc.
You kill the orc!
Trog accepts your kill.
Some of the chunks of flesh in your inventory have rotted away.
No target in view!
You see here a leather armour.
There is a stone staircase leading down here.
You climb downwards.
There is a stone staircase leading up here.
Found a staircase to the Ecumenical Temple.
Found 8 gold pieces.
Menkaure, Prince of Dust comes into view.
Menkaure shouts!
Menkaure calls on the powers of darkness!
Your body is wracked with pain!
Found 12 gold pieces.
Menkaure mumbles some strange words.
Menkaure seems to speed up.
Use which ability? (? or * to list)
Your skin crawls.
You feel resistant to hostile enchantments.
You feel slightly more hungry.
You can no longer call upon Trog for regeneration and protection from hostile enchantments.
Menkaure calls on the powers of darkness!
Your body is wracked with pain!
You feel the effects of Trog's Hand fading.
Use which ability? (? or * to list)
A red film seems to cover your vision as you go berserk!
You feel yourself moving faster!
You feel mighty!
You are feeling hungry.
Menkaure hits you!! Menkaure hits you.
You die...

You could see Menkaure.

Vanquished Creatures
  2 orc wizards (D:4)
  An ooze (D:4)
  An adder skeleton (D:4)
  A worm (D:2)
  A giant gecko (D:2)
  5 orcs
  A ball python (D:2)
  3 goblins
  2 hobgoblins (D:2)
  2 giant newts (D:2)
19 creatures vanquished.

Action                   |  1- 3 |  4- 6 || total
-------------------------+-------+-------++-------
Melee: Hand axe          |    33 |     2 ||    35
Invok: Berserk           |     2 |     1 ||     3
       Trog's Hand       |       |     2 ||     2
  Use: Scroll            |       |     5 ||     5

Vault maps used:
D:1:      dpeg_arrival_arbitrary_b
D:2:      fedhas_altar_3, makhleb_altar_promises_db, okawaru_ov_weapons_minmay
D:3:      zin_angel
D:4:      lemuel_crystal_altar, glass_columns_c
D:5:      minmay_temple_entry_mist, first_bread, uniq_sigmund, uniq_menkaure,
          uniq_pikel, uniq_duvessa
